 Dungeon Crawl Stone Soup version 0.31-a0-1002-g8e65716e6e (webtiles) character file.

Game seed: 10863110633772308473

240 Descartes the Ducker (level 5, -2/22 HPs)
             Began as a Felid Shapeshifter on Nov 10, 2023.
             Killed from afar by Ijyb (20 damage)
             ... with an iceblast
             ... on level 4 of the Dungeon.
             The game lasted 00:04:18 (3285 turns).

Descartes the Ducker (Felid Shapeshifter)           Turns: 3285, Time: 00:04:19

Health: -2/22      AC:  1    Str: 18    XL:     5   Next: 80%
Magic:  6/6        EV: 21    Int: 11    God:
Gold:   173        SH:  5    Dex: 16    Spells: 4/4 levels left
                                        Lives:  0   Deaths: 2

rFire   . .          .
                       - Unarmed
rCold   . . .        (shield unavailable)
rNeg    + . .        (body armour unavailable)
rPois   .            (helmet unavailable)
rElec   .            (cloak unavailable)
rCorr   .            (gloves unavailable)
SInv    +            (boots unavailable)
Will    .....        m - amulet of reflection
Stlth   +            e - +6 ring of strength
HPRegen 0.23/turn    k - ring of positive energy
MPRegen 0.10/turn

%: reflection
@: beast-form, quick
A: beast (slay +2), very small, claws 1, fangs 3, see invisible, speed 1, shaggy
fur 1, stealthy paws, no weapons or thrown items, no armour, multi-lived
a: Begin Untransformation


You were on level 4 of the Dungeon.
You were a hulking beast.
You visited 1 branch of the dungeon, and saw 4 of its levels.

You collected 173 gold pieces.

Inventory:

Jewellery
 e - a +6 ring of strength (left paw)
 k - a ring of positive energy (right paw)
 m - an amulet of reflection (around neck)
Talismans
 b - a beast talisman
 c - a flux talisman
Scrolls
 d - 9 scrolls of identify {unknown}
 f - 2 scrolls of enchant armour {unknown}
 g - a scroll of poison {unknown}
 h - a scroll of noise {unknown}
 i - 2 scrolls of teleportation {unknown}
 j - a scroll of brand weapon {unknown}
 l - a scroll of immolation {unknown}
Potions
 a - 3 potions of lignification
 n - 3 potions of mutation {unknown}
 o - a potion of invisibility {unknown}
 p - a potion of brilliance {unknown}


   Skills:
 - Level 1.2 Fighting
 + Level 6.9 Dodging
 - Level 3.1 Unarmed Combat
 + Level 4.4 Shapeshifting


You had 4 spell levels left.
You didn't know any spells.
Your spell library contained the following spells:

 Spells                   Type           Power      Damage    Failure   Level
 Olgreb's Toxic Radiance  Pois           0%         N/A       98%         4
 Discord                  Hex            0%         N/A       100%        8
 Ignition                 Fire           0%         3d3       100%        8


Dungeon Overview and Level Annotations

Branches:
Dungeon (4/15)
 Temple: D:4-7

Altars:
Elyvilon
Hepliaklqana
Uskayaw

Shops:
D:3 =

Annotations:
D:3 3 runed translucent doors, haldagan's ghost, amateur TrFi
D:4 Ijyb


Innate Abilities, Weirdness & Mutations

You are a hulking beast.
Your limbs bulge with bestial killing power. (Slay +2)
You have sharp claws.
You have razor-sharp teeth.
You have supernaturally acute eyesight. (SInv)
You cover ground quickly. (Speed+)
You are covered in fur. (AC +1)
Your paws help you pounce on unaware monsters.
You are incapable of wielding weapons or throwing items.
You cannot wear armour.
You gain extra lives every three experience levels.


Message History

You destroy the sleepcap!
Unknown command.
HP restored.
Haldagan's ghost turns its malevolent gaze towards you.
There is a stone staircase leading down, spattered with blood here.
You see here the felid corpse of Descartes.
You climb downwards.
Level annotation: Ijyb
There is a stone staircase leading up, spattered with blood here.
Things that are here:
a +0 dagger; a +0 robe; a +0 dagger Ijyb zaps a wand.
The mass of ice explodes!
The iceblast engulfs you!!
Ouch! That really hurt!
* * * LOW HITPOINT WARNING * * *
The hobgoblin shouts!
You hear an angry hiss.
You hear a shout!
You are too injured to fight recklessly!
Things that are here:
a +0 dagger; a +0 robe; a +0 dagger
There is a stone staircase leading up, spattered with blood here.
You climb upwards.
Level annotation: 3 runed translucent doors, haldagan's ghost, amateur TrFi
There is a stone staircase leading down, spattered with blood here.
You see here the felid corpse of Descartes.
HP restored.
Haldagan's ghost turns its malevolent gaze towards you.
There is a stone staircase leading down, spattered with blood here.
You see here the felid skeleton of Descartes.
You climb downwards.
Level annotation: Ijyb You block the ball python's attack.
The ball python misses you.
Ijyb screams, "No!
No, no, no, no!"
The ball python barely misses you. The ball python grabs you.
The ball python constricts you.
There is a stone staircase leading up, spattered with blood here.
The ball python's grasp on you weakens, but your attempt to escape fails.
The ball python bites you. The ball python constricts you.
You escape the ball python's grasp.
Ijyb zaps a wand.
The mass of ice explodes!
The iceblast engulfs you!!
Ouch! That really hurt!
You die...

.........................# #
.............g.....g...>##.#
##############.#..S..(.....#
#.#####g...####
#.#...S........
#S########... #.# ...
############g# ..
......Sh.g...# .
##############


You could see Ijyb, a hobgoblin and a ball python.

Vanquished Creatures
  2 sleepcaps (D:3)
  2 orc wizards
  7 adders
  2 worms
  2 dart slugs
  3 orcs
  6 endoplasms
  2 giant cockroaches
  4 goblins
  5 hobgoblins
  8 kobolds
  A quokka (D:2)
  8 ball pythons
  4 bats
  4 frilled lizards
  7 rats
67 creatures vanquished.

Notes
Turn   | Place    | Note
-------+----------+-------------------------------------------
     0 | D:1      | Descartes the Felid Shapeshifter began the quest for the
                  | Orb.
     0 | D:1      | Reached XP level 1. HP: 9/9 MP: 2/2
   114 | D:1      | Reached skill level 3 in Dodging
   114 | D:1      | Reached XP level 2. HP: 12/12 MP: 3/3
   402 | D:1      | Reached skill level 4 in Dodging
   571 | D:2      | Succumbed to an adder's poison
   652 | D:2      | Reached XP level 3. HP: 15/15 MP: 4/4
   991 | D:2      | Reached skill level 5 in Dodging
  1227 | D:3      | Reached XP level 4. HP: 19/19 MP: 5/5
  1496 | D:3      | Found a runed translucent gate.
  1496 | D:3      | Found a runed translucent gate.
  1496 | D:3      | Found a runed translucent gate.
  1553 | D:3      | Noticed haldagan's ghost (amateur TrFi)
  1579 | D:3      | Found a hazy altar of Hepliaklqana.
  1579 | D:3      | Found a white marble altar of Elyvilon.
  1632 | D:3      | Found a hide-covered altar of Uskayaw.
  1641 | D:3      | Reached skill level 6 in Dodging
  1809 | D:3      | Found Xigrong's Jewellery Shoppe.
  2358 | D:4      | Reached XP level 5. HP: 14/22 MP: 6/6
  2360 | D:4      | Noticed Ijyb
  2503 | D:4      | Noticed an ogre
  2981 | D:3      | Slain by an adder
  3285 | D:4      | Killed from afar by Ijyb

Illustrated notes

Levels and vault maps discovered:
D:1:      shiori_arrival_maze, layout_rooms, minmay_misc_feat_roman
D:2:      layout_loops_ring
D:3:      layout_loops_corners, mainiacjoe_overflow_large_starburst,
          eat_drink_and_be_merry_uskayaw, serial_shops, shop_fountains,
          gammafunk_ghost_necromancy
D:4:      layout_basic, uniq_ijyb

Skill      XL: |  1  2  3  4  5 |
---------------+----------------+-----
Dodging        | 3 4 5 6 |  6.9
Shapeshifting  | 4 |  4.4
Fighting       | |  1.2
Unarmed Combat | |  3.1

Action                     |  1- 3 |  4- 6 || total
---------------------------+-------+-------++-------
  Melee: Unarmed           |    93 |    92 ||   185
         Bite              |     3 |    12 ||    15
         Punch             |     1 |     2 ||     3
   Stab: Sleeping          |     3 |     1 ||     4
 Armour: Skin              |    19 |    33 ||    52
  Dodge: Dodged            |    59 |    57 ||   116
  Block: Other             |       |    19 ||    19

Table legend: (Time is in decaauts)
 A = Elapsed time spent in this place.
 B = Non-inter-level travel time spent in this place.
 C = Inter-level travel time spent in this place.
 D = Time resting spent in this place.
 E = Time spent auto-exploring this place.
 F = Levels seen in this place.
 G = Mean time per level.
                   A        B        C        D        E       F      G
               +--------+--------+--------+--------+--------+-----+--------+
         Total |   2763 |   2462 |    301 |      0 |   2014 |   4 |  690.8 |
       Dungeon |   2763 |   2462 |    301 |      0 |   2014 |   4 |  690.8 |
               +--------+--------+--------+--------+--------+-----+--------+

Top non-repeatable levels by time:
     D:3: 1660 daAuts
     D:2: 595 daAuts
     D:1: 417 daAuts
     D:4: 91 daAuts
